 Dungeon Crawl Stone Soup version 0.22-a0-580-gd5db89c (webtiles) character file.

44 wellist the Skirmisher (level 3, -3/33 HPs)
             Began as a Hill Orc Fighter on July 3, 2018.
             Killed from afar by Sigmund (7 damage)
             ... with a magic dart
             ... on level 2 of the Dungeon.
             The game lasted 00:04:49 (990 turns).

wellist the Skirmisher (Hill Orc Fighter)            Turns: 990, Time: 00:04:50

Health: -3/33      AC:  6    Str: 19    XL:     3   Next: 60%
Magic:  3/3        EV:  7    Int:  8    God:
Gold:   88         SH:  9    Dex: 10    Spells: 2/2 levels left

rFire    . . .     SeeInvis .   a - +0 war axe
rCold    . . .     Gourm    .   c - +0 shield
rNeg     . . .     Faith    .   b - +0 scale mail
rPois    .         Spirit   .   (no helmet)
rElec    .         Reflect  .   (no cloak)
rCorr    .         Harm     .   (no gloves)
MR       .....                  (no boots)
Stlth    ..........             (no amulet)
HPRegen  0.11/turn              (no ring)
MPRegen  0.08/turn              (no ring)

@: no status effects
A: no striking features
a: no special abilities


You were on level 2 of the Dungeon.
You were not hungry.

You visited 1 branch of the dungeon, and saw 2 of its levels.

You collected 88 gold pieces.

Inventory:

Hand Weapons
 a - a +0 war axe (weapon)
Armour
 b - a +0 scale mail (worn)
 c - a +0 shield (worn)
Scrolls
 e - 2 scrolls of identify {unknown}
Potions
 d - a potion of might
Comestibles
 f - 4 rations
 g - 7 chunks of flesh


   Skills:
 * Level 4.2 Fighting
 * Level 3.6 Axes
 + Level 3.5 Armour
 * Level 3.8 Shields


You had 2 spell levels left.
You didn't know any spells.
Your spell library was empty.

Dungeon Overview and Level Annotations

Branches:
Dungeon (2/15)

Altars:
Dithmenos

Annotations:
D:2 Sigmund


Message History

You are more confused.
You bump into the rock wall.
Sigmund hits you but does no damage.
You bump into the rock wall.
Sigmund casts a spell at you. The puff of flame hits you!
You bump into the rock wall.
Sigmund barely misses you.
You bump into the rock wall.
You bump into the rock wall.
Sigmund hits you with a scythe!
You bump into the rock wall.
Sigmund closely misses you.
You're too confused to move!
You bump into the rock wall.
Sigmund hits you with a scythe.
You bump into the rock wall.
Sigmund hits you with a scythe!
* * * LOW HITPOINT WARNING * * *
You bump into the rock wall.
You feel less confused.
You hit Sigmund.
Sigmund is lightly wounded.
Sigmund casts a spell at you. The magic dart hits you!
You die...

#.########### #........)..#
#.#########.# #.# #.# #.# #.#
#.# ####.# #.# #....#
############.######.####
..............@@....>#
######.####.#.####.############
#.#....#.# #.............
#.#.#..#.# ###........###
.#######.#.#..#.######.######.#
.........#.####.##.....# #.#
.........#.....(.#.##### #.#
.........#########.....# #.# #
..$......#
######..#..######.#.#


You could see Sigmund.

Vanquished Creatures
  3 worms (D:2)
  2 dart slugs (D:1)
  2 leopard geckos
  2 ball pythons (D:2)
  4 bats
  5 goblins (D:1)
  4 hobgoblins (D:1)
  2 kobolds
  2 rats (D:1)
26 creatures vanquished.

Notes
Turn   | Place    | Note
-------+----------+-------------------------------------------
     0 | D:1      | wellist the Hill Orc Fighter began the quest for the Orb.
     0 | D:1      | Reached XP level 1. HP: 19/19 MP: 1/1
   298 | D:1      | Reached XP level 2. HP: 25/27 MP: 2/2
   401 | D:1      | Reached skill level 4 in Fighting
   647 | D:1      | Reached XP level 3. HP: 32/33 MP: 3/3
   737 | D:2      | Found a shadowy altar of Dithmenos.
   953 | D:2      | Noticed Sigmund
   990 | D:2      | Killed from afar by Sigmund

Vault maps used:
D:1:      ncdulo_wetmaze
D:2:      nicolae_dithmenos_shadow_blocks, first_ration, kennysheep_boxes,
          uniq_crazy_yiuf_cottage, uniq_natasha, uniq_sigmund

Skill      XL: |  1  2 |
---------------+-------+-----
Axes           | 3 |  3.6
Fighting       | 4 |  4.2
Armour         | |  3.5
Shields        | |  3.8

Action                   || total
-------------------------++-------
Melee: War axe           ||    91
Armor: Scale mail        ||    36
Dodge: Dodged            ||    35
Block: Shield            ||    38

Table legend:
 A = Spawn XP
 B = Non-spawn XP
 C = Spawn XP percentage of total XP
 D = Spawn monster count
 E = Non-spawn monster count
 F = Spawn count percentage of total count
 G = Total turns spent on level
                    A         B        C        D         E        F      G
               +---------+---------+-------+---------+---------+-------+---------
         Total |       0 |      63 |   0.0 |       0 |      26 |   0.0 |   990
               +---------+---------+-------+---------+---------+-------+---------
           D:1 |       0 |      37 |   0.0 |       0 |      18 |   0.0 |   715
           D:2 |       0 |      26 |   0.0 |       0 |       8 |   0.0 |   275
               +---------+---------+-------+---------+---------+-------+---------
